 Dungeon Crawl Stone Soup version bcrawl-1.36.3 (webtiles) character file.

Game seed: 10151699977222519535

244542 KristoblXynda the Ruffian (level 8, -1/64 HPs)
             Began as a Demonspawn Gladiator on June 19, 2022.
             Was a Priest of Okawaru.
             Killed from afar by an electric eel (7 damage)
             ... with a bolt of electricity
             ... on level 6 of the Dungeon.
             The game lasted 00:09:34 (5715 turns).

KristoblXynda the Ruffian (Demonspawn Gladiator)    Turns: 5715, Time: 00:09:34

Health: -1/64      AC:  8    Str: 16    XL:     8   Next: 70%
Magic:  8/8        EV: 14    Int: 10    God:    Okawaru [***...]
Gold:   457        SH:  0    Dex: 15    Spells: 7/7 levels left

rFire    . . .     SeeInvis .     - Fists (12.6)
rCold    . . .     Gourm    .   (no shield)
rNeg     . . .     Faith    .   l - +2 ring mail of Mole {rPois MR- Slay+3}
rPois    +         Spirit   .   (helmet restricted)
rElec    .         Reflect  .   (no cloak)
rCorr    .                      o - +0 pair of gloves
MR       .....                  (no boots)
Stlth    +++.......             (no amulet)
HPRegen  0.20/turn              (no ring)
MPRegen  0.11/turn              (no ring)

@: no status effects
A: antennae 2, claws 1, talons 1, nightstalker 2, rot immunity
a: Heroism, Renounce Religion


You were on level 6 of the Dungeon.
You worshipped Okawaru.
Okawaru was most pleased with you.
You were not hungry.

You visited 2 branches of the dungeon, and saw 7 of its levels.

You collected 457 gold pieces.

Inventory:

Missiles
 d - 3 throwing nets (quivered) {=f}
Armour
 l - the +2 ring mail of Mole (worn) {rPois MR- Slay+3}
   (You found it on level 4 of the Dungeon)

   It affects your accuracy and damage with ranged weapons and melee attacks
   (+3).
   It protects you from poison.
   It affects your resistance to hostile enchantments.
 o - a +0 pair of gloves (worn)
Wands
 a - a wand of clouds (7)
 u - a wand of polymorph (6)
Scrolls
 f - a scroll of remove curse
 j - a scroll of amnesia
 x - a scroll of teleportation
Potions
 b - 2 potions of resistance
 c - a potion of agility {unknown}
 h - 2 potions of might
 k - a potion of invisibility
 m - a potion of cancellation
 n - a potion of lignification
 p - a potion of mutation
 q - a potion of ambrosia {unknown}
 r - 4 potions of flight
 s - a potion of heal wounds
 t - 8 potions of curing
 v - 2 potions of berserk rage
 w - a potion of degeneration {unknown}
Comestibles
 e - 12 rations {!d}
 g - 4 chunks of flesh


   Skills:
 + Level 6.3 Fighting
   Level 3.2 Long Blades
 - Level 2.0 Throwing
 + Level 5.7 Dodging
 * Level 6.8 Unarmed Combat


You had 7 spell levels left.
You didn't know any spells.
Your spell library was empty.

Dungeon Overview and Level Annotations

Branches:
Dungeon (6/12)             Temple (1/1) D:4

Altars:
Ashenzari
Cheibriados
Dithmenos
Elyvilon
Fedhas
Gozag
Hepliaklqana
Lugonu
Makhleb
Nemelex Xobeh
Okawaru
Ru
Sif Muna
Trog
Uskayaw
Vehumet
Wu Jian
Xom
Yredelemnul
Zin
The Shining One


Innate Abilities, Weirdness & Mutations

You have a pair of antennae on your head.
You have sharp fingernails.
You have sharp toenails.
You are significantly more attuned to the shadows.
You are immune to rotting.


Message History

You are too injured to fight recklessly!
You are too injured to fight recklessly!
You punch the electric eel! You claw the electric eel.
The electric eel is severely wounded.
The electric eel shoots out a bolt of lightning at you!
The bolt of electricity hits you!
* * * LOW HITPOINT WARNING * * *
The bolt of electricity hits you!
* * * LOW HITPOINT WARNING * * *
The electric eel shoots out a bolt of lightning at you!
The bolt of electricity hits you.
* * * LOW HITPOINT WARNING * * *
The bolt of electricity misses you.
The bolt of electricity hits the electric eel.
The electric eel completely resists.
You closely miss the electric eel.
The electric eel is severely wounded.
The electric eel shoots out a bolt of lightning at you!
The bolt of electricity misses you. The bolt of electricity hits you!
You die...

. ..#.# ##≈ #.##.
.. #.#.# #.# #.##.
).. #.#.###.#.....
{#.###
....#.#>).#.#.....#
#.#
......###)#.#≈P.≈P#
..#
........†.#≈#.PP≈(#
#########..≈#≈?.≈.#
#.#≈.≈;)≈≈#
#.#≈#@;≈≈#
#.##≈#..## .
#..##...≈≈# . #.
####.≈ .


You could see 2 electric eels.

Vanquished Creatures
  A spriggan (D:6)
  Sigmund (D:5)
  An orc warrior (D:4)
  A hornet zombie (D:6)
  2 ice beasts (D:6)
  An ogre (D:6)
  2 sky beasts
  A big kobold (D:5)
  A bullfrog (D:4)
  A centaur (D:6)
  An electric eel (D:6)
  3 crimson imps
  2 hounds
  An iguana (D:4)
  Ijyb (D:5)
  5 worker ants
  2 worker ant zombies
  4 adders
  A shadow imp (D:6)
  5 worms
  7 dart slugs
  2 leopard geckos (D:2)
  3 orcs
  A ball python (D:2)
  6 bats
  6 giant cockroaches
  5 goblins
  3 hobgoblins
  4 jackals (D:2)
  6 kobolds
  2 quokkas
  4 frilled lizards
  A jackal skeleton (D:5)
  A quokka skeleton (D:5)
  5 rats
93 creatures vanquished.

Notes
Turn   | Place    | Note
-------+----------+-------------------------------------------
     0 | D:1      | KristoblXynda the Demonspawn Gladiator began the quest for
                  | the Orb.
     0 | D:1      | Reached XP level 1. HP: 18/18 MP: 1/1
   205 | D:1      | Gained mutation: You have sharp toenails. [demonic
                  | ancestry]
   205 | D:1      | Reached XP level 2. HP: 24/24 MP: 2/2
   212 | D:1      | Got a sparkling ivory amulet
   215 | D:1      | Identified the amulet of Internal Strife {Inacc MR+} (You
                  | found it on level 1 of the Dungeon)
   509 | D:1      | Gained mutation: You have sharp fingernails. [demonic
                  | ancestry]
   509 | D:1      | Reached XP level 3. HP: 29/29 MP: 3/3
  1330 | D:2      | Reached skill level 1 in Unarmed Combat
  1464 | D:2      | Gained mutation: You have a pair of small antennae on your
                  | head. [demonic ancestry]
  1464 | D:2      | Reached XP level 4. HP: 34/35 MP: 4/4
  1647 | D:2      | Found a white marble altar of Elyvilon.
  1657 | D:2      | Found an opulent altar of Gozag.
  1660 | D:2      | Found a sparkling altar of Nemelex Xobeh.
  2547 | D:3      | Found an ornate altar of the Wu Jian Council.
  2815 | D:4      | Noticed a bullfrog
  2824 | D:4      | Killed a bullfrog
  2825 | D:4      | Gained mutation: You are immune to rotting. [demonic
                  | ancestry]
  2825 | D:4      | Reached XP level 5. HP: 23/42 MP: 5/5
  2853 | D:4      | Found a staircase to the Ecumenical Temple.
  2866 | Temple   | Entered the Ecumenical Temple
  2921 | Temple   | Became a worshipper of Warmaster Okawaru
  3103 | D:4      | Noticed an orc warrior
  3128 | D:4      | Killed an orc warrior
  3129 | D:4      | Gained mutation: You are slightly more attuned to the
                  | shadows. [demonic ancestry]
  3129 | D:4      | Reached XP level 6. HP: 49/49 MP: 6/6
  3135 | D:4      | Reached * piety under Okawaru
  3698 | D:4      | Got a masterwork ring mail
  3784 | D:4      | Found a glowing silver altar of Zin.
  3797 | D:4      | Identified the +2 ring mail of Mole {rPois MR- Slay+3} (You
                  | found it on level 4 of the Dungeon)
  3818 | D:5      | Entered Level 5 of the Dungeon
  3966 | D:5      | Noticed Ijyb
  3998 | D:5      | Killed Ijyb
  4384 | D:5      | Noticed Sigmund
  4407 | D:5      | Killed Sigmund
  4408 | D:5      | Gained mutation: You have a pair of antennae on your head.
                  | [demonic ancestry]
  4408 | D:5      | Reached XP level 7. HP: 32/55 MP: 7/7
  4540 | D:5      | Reached skill level 5 in Fighting
  4754 | D:5      | Found a glowing golden altar of the Shining One.
  4777 | D:5      | Reached skill level 5 in Unarmed Combat
  5289 | D:6      | Reached ** piety under Okawaru
  5290 | D:6      | Reached skill level 5 in Dodging
  5290 | D:6      | Gained mutation: You are significantly more attuned to the
                  | shadows. [demonic ancestry]
  5290 | D:6      | Reached XP level 8. HP: 63/63 MP: 8/8
  5388 | D:6      | Noticed a hippogriff
  5407 | D:6      | a hippogriff changed into a spriggan
  5668 | D:6      | Reached *** piety under Okawaru
  5715 | D:6      | Killed from afar by an electric eel

Skill      XL: |  1  2  3  4  5  6  7  8 |
---------------+-------------------------+-----
Throwing       | 2 |  2.0
Long Blades    | 3 |  3.2
Dodging        | 3 4 5 |  5.7
Unarmed Combat | 1 2 3 4 5 6 |  6.8
Fighting       | 4 5 6 |  6.3

Action                   |  1- 3 |  4- 6 |  7- 9 || total
-------------------------+-------+-------+-------++-------
Melee: Long sword        |   135 |    85 |       ||   220
       Kick              |    24 |    26 |    37 ||    87
       Punch             |       |     5 |     1 ||     6
       Unarmed           |       |    71 |   102 ||   173
Throw: Throwing net      |       |     3 |       ||     3
Evoke: Wand              |       |       |     2 ||     2
  Use: Scroll            |       |     8 |     8 ||    16
       Potion            |       |     4 |       ||     4
 Stab: Confused          |       |       |     1 ||     1
  Eat: Chunk             |     6 |     8 |       ||    14
       Ration            |       |     1 |     2 ||     3
Armor: Leather armour    |    45 |       |       ||    45
       Ring mail         |       |    19 |    28 ||    47
       Skin              |       |    10 |       ||    10
Dodge: Dodged            |   104 |    72 |    43 ||   219
Block: Other             |     3 |     1 |       ||     4
